 Dungeon Crawl Stone Soup version 0.27.0-1-g7a089689b8 (webtiles) character file.

Game seed: 14036748179183433375

11585 mhtbhm the Spear-Bearer (level 11, 0/153 HPs)
             Began as a Purple Draconian Berserker on Aug 8, 2021.
             Was a High Priest of Trog.
             Slain by a skeletal warrior (9 damage)
             ... led by a skeletal warrior
             ... on level 11 of the Dungeon.
             The game lasted 00:12:00 (9970 turns).

mhtbhm the Spear-Bearer (DrBe)                      Turns: 9970, Time: 00:12:01

Health: 0/153      AC: 29    Str: 27    XL:     11   Next: 51%
Magic:  20/20      EV:  2    Int:  7    God:    Trog [*****.]
Gold:   404        SH:  0    Dex: 11    Spells: 10/10 levels left

rFire    + . .     SeeInvis +   a - +5 spear of the Present {vorpal, rC+ MP+9 Str+4 SInv}
rCold    + . .     Faith    .   (no shield)
rNeg     + + +     Spirit   .   (armour unavailable)
rPois    +         Reflect  .   (helmet currently unavailable)
rElec    .         Harm     .   (cloak currently unavailable)
rCorr    .         Rampage  .   (gloves currently unavailable)
Will     +....     NoTele   +   (boots currently unavailable)
Stlth    +++.......             v - amulet of the acrobat
HPRegen  0.35/turn              r - +4 ring of protection
MPRegen  0.17/turn              s - ring of protection from fire

@: tree-form
A: stationary, stasis, torment immunity, boosted hp, (breathe power), AC +7,
unfitting armour, (cold-blooded)
a: Renounce Religion, Berserk, Trog's Hand, Brothers in Arms


You were on level 11 of the Dungeon.
You worshipped Trog.
Trog was extremely pleased with you.
You were a tree.
You visited 1 branch of the dungeon, and saw 11 of its levels.

You collected 580 gold pieces.
You spent 176 gold pieces at shops.

Inventory:

Hand Weapons
 a - the +5 spear of the Present (weapon) {vorpal, rC+ MP+9 Str+4 SInv}
   (You bought it in a shop on level 3 of the Dungeon)

   It inflicts extra damage upon your enemies.
   Str:       It affects your strength (+4).
   rC:        It protects you from cold.
   MP:        It affects your magic capacity (+9).
   SInv:      It lets you see invisible.
Missiles
 h - 6 atropa-tipped darts (quivered)
 q - 4 throwing nets
Armour
 u - a +0 pair of gloves (melded)
 B - a +2 cloak (melded)
Jewellery
 r - a +4 ring of protection (left branch)
 s - a ring of protection from fire (right branch)
 v - an amulet of the acrobat (around neck)
 A - a +4 ring of slaying
 H - a +6 ring of strength
Wands
 w - a wand of flame (28)
 z - a wand of paralysis (18)
 E - a wand of polymorph (17)
 I - a wand of iceblast (9)
 J - a wand of mindburst (16)
Scrolls
 d - 4 scrolls of holy word
 e - 10 scrolls of teleportation
 f - a scroll of immolation
 k - a scroll of enchant weapon
 m - a scroll of fear {unknown}
 y - 4 scrolls of blinking {unknown}
 C - a scroll of acquirement {unknown}
 D - a scroll of magic mapping {unknown}
 F - a scroll of torment {unknown}
 G - a scroll of brand weapon {unknown}
Potions
 b - a potion of lignification
 c - a potion of flight {unknown}
 g - a potion of mutation {unknown}
 i - a potion of haste {unknown}
 j - a potion of brilliance {unknown}
 n - 2 potions of heal wounds {unknown}
 o - a potion of might {unknown}
 p - a potion of degeneration {unknown}
 t - a potion of berserk rage {unknown}
 x - 2 potions of curing {unknown}
 K - a potion of magic {unknown}


   Skills:
 + Level 11.2 Fighting
 + Level 12.4 Polearms
 + Level 1.0 Throwing
 + Level 7.4 Dodging
 + Level 6.7 Stealth


You had 10 spell levels left.
You didn't know any spells.
Your spell library was empty.

Dungeon Overview and Level Annotations

Branches:
Dungeon (11/15)            Temple (0/1) D:6            Lair (0/6) D:9
    Orc: D:9-12

Altars:
Elyvilon
Fedhas
Hepliaklqana
Kikubaaqudgha
Nemelex Xobeh
Sif Muna
Trog
Uskayaw
Vehumet
Zin
The Shining One

Shops:
D:3 (


Innate Abilities, Weirdness & Mutations

You are a tree.
Your roots penetrate the ground, keeping you stationary.
You cannot be teleported.
You are immune to unholy pain and torment.
Your maximum health is greatly increased.
Your equipment is partially melded.
((You can breathe bolts of dispelling energy.))
((Your rich purple scales are hard. (AC +7)))
You cannot fit into any form of body armour.
((You are cold-blooded and may be slowed by cold attacks.))


Message History

Aim: a skeletal warrior, wielding a +0 halberd (almost destroyed, about 27% to evade the +5 spear of the Present)
You reach to attack!
You closely miss the skeletal warrior.
The skeletal warrior is almost destroyed.
Unknown command.
Reach: a) +5 spear of the Present {vorpal, rC+ MP+9 Str+4 SInv}
Press: ? - help, Dir - move target, f/p - skeletal warrior
Aim: a skeletal warrior, wielding a +0 halberd (almost destroyed, about 27% to evade the +5 spear of the Present)
You reach to attack!
You hit the skeletal warrior but do no damage.
The skeletal warrior is almost destroyed.
The skeletal warrior hits you from afar with a +0 halberd.
* * * LOW HITPOINT WARNING * * *
Unknown command.
Reach: a) +5 spear of the Present {vorpal, rC+ MP+9 Str+4 SInv}
Press: ? - help, Dir - move target, f/p - skeletal warrior
Aim: a skeletal warrior, wielding a +0 halberd (almost destroyed, about 27% to evade the +5 spear of the Present)
You reach to attack!
You barely miss the skeletal warrior.
The skeletal warrior is almost destroyed.
Unknown command.
Reach: a) +5 spear of the Present {vorpal, rC+ MP+9 Str+4 SInv}
Press: ? - help, Dir - move target, f/p - skeletal warrior
Aim: a skeletal warrior, wielding a +0 halberd (almost destroyed, about 27% to evade the +5 spear of the Present)
You reach to attack!
You closely miss the skeletal warrior.
The skeletal warrior is almost destroyed.
The skeletal warrior hits you from afar with a +0 halberd.
* * * LOW HITPOINT WARNING * * *
Reach: a) +5 spear of the Present {vorpal, rC+ MP+9 Str+4 SInv}
Press: ? - help, Dir - move target, f/p - skeletal warrior
Aim: a skeletal warrior, wielding a +0 halberd (almost destroyed, about 27% to evade the +5 spear of the Present)
You reach to attack!
You hit the skeletal warrior.
The skeletal warrior is almost destroyed.
Unknown command.
Reach: a) +5 spear of the Present {vorpal, rC+ MP+9 Str+4 SInv}
Press: ? - help, Dir - move target, f/p - skeletal warrior
Aim: a skeletal warrior, wielding a +0 halberd (almost destroyed, about 27% to evade the +5 spear of the Present)
You reach to attack!
You hit the skeletal warrior but do no damage.
The skeletal warrior is almost destroyed.
The skeletal warrior hits you from afar with a +0 halberd!
You die...

#..##....<## ##...##.###.zz....
###.......## #. ..####......z....
.......##..# #. ## #.....(.....
.....###..####.######..##.(......
......#...#....#....... ##z......
..................#..# #.......
...##................# ........
....#....#........z..# #......#.
...###...#...[##♣.#...# .....#...
..## #.<.......#..##.....
.###.##..###.......# ....
####......#........# ...
#.............[........
##.#................. .
#######..............
##......[...... #.............


You could see a skeletal warrior.

Vanquished Creatures
  Erolcha (D:10)
  5 two-headed ogres
  The ghost of SnakkuSnakku7 the Basher, a novice OgDe (D:7)
  Pikel (D:9)
  A cyclops (D:11)
  Maurice (D:8)
  A gargoyle (D:7)
  Psyche (D:9)
  2 unseen horrors
  The ghost of freelancePsychic the Shooter, an amateur MiHu (D:4)
  A wraith (D:7)
  Eustachio (D:6)
  7 yaks (D:8)
  5 water moccasins
  2 ice beasts
  A sky beast (D:6)
  2 orc warriors
  3 black bears
  2 ogres (D:6)
  7 centaurs
  4 lemures (D:9)
  A phantom (D:6)
  A bullfrog (D:8)
  A gnoll sergeant (D:10)
  A wyvern zombie (D:8)
  2 scorpions
  A water moccasin skeleton (D:5)
  2 lava snakes (D:10)
  2 centaur zombies (D:8)
  2 jellies
  5 orc priests
  A gnoll shaman (D:6)
  A hound (D:4)
  A centaur skeleton (D:7)
  Jessica (D:2)
  An iguana (D:5)
  7 orc wizards
  2 hound skeletons (D:5)
  2 spectral howler monkeys (D:7)
  3 howler monkey zombies
  Robin (D:4)
  9 gnolls
  7 adders
  3 shadow imps (D:6)
  A howler monkey simulacrum (D:7)
  An ufetubus (D:5)
  2 worms (D:2)
  2 dart slugs
  19 orcs
  5 endoplasms
  3 giant cockroaches
  13 goblins
  15 hobgoblins
  9 jackals
  A quokka (D:3)
  9 ball pythons
  2 bats
  2 frilled lizards
  13 kobolds
  4 rats
208 creatures vanquished.

Notes
Turn   | Place    | Note
-------+----------+-------------------------------------------
     0 | D:1      | mhtbhm the Draconian Berserker began the quest for the Orb.
     0 | D:1      | Reached XP level 1. HP: 19/19 MP: 1/1
   214 | D:1      | Reached XP level 2. HP: 26/26 MP: 2/2
   299 | D:1      | Found a faded altar of an unknown god.
   858 | D:2      | Reached skill level 7 in Polearms
   858 | D:2      | Reached XP level 3. HP: 40/40 MP: 3/3
   944 | D:2      | Reached XP level 4. HP: 43/48 MP: 4/4
  1046 | D:2      | Noticed Jessica
  1065 | D:2      | Killed Jessica
  1105 | D:2      | Reached ** piety under Trog
  1222 | D:2      | Reached XP level 5. HP: 49/53 MP: 5/5
  1413 | D:3      | Found Lenuos's Antique Weapon Shoppe.
  1789 | D:3      | Found a bloodstained altar of Trog.
  1928 | D:3      | Found a radiant altar of Vehumet.
  2267 | D:4      | Reached *** piety under Trog
  2468 | D:4      | Reached skill level 1 in Stealth
  2468 | D:4      | Reached XP level 6. HP: 58/61 MP: 6/6
  2492 | D:4      | Noticed Robin
  2508 | D:4      | Killed Robin
  2874 | D:4      | Found a runed translucent door.
  3140 | D:4      | Noticed freelancePsychic's ghost (amateur MiHu)
  3177 | D:4      | Killed freelancePsychic's ghost
  3178 | D:4      | Reached skill level 8 in Polearms
  3178 | D:4      | Your scales start taking on a rich purple colour.
  3178 | D:4      | Reached XP level 7. HP: 69/69 MP: 7/7
  3348 | D:3      | Bought a bloodstained spear for 176 gold pieces
  3348 | D:3      | Identified the +5 spear of the Present {vorpal, rC+ MP+9
                  | Str+4 SInv} (You bought it in a shop on level 3 of the
                  | Dungeon)
  3455 | D:5      | Entered Level 5 of the Dungeon
  3928 | D:5      | Reached XP level 8. HP: 62/75 MP: 8/8
  4445 | D:6      | Noticed Eustachio
  4492 | D:6      | Killed Eustachio
  4493 | D:6      | Reached skill level 9 in Polearms
  4583 | D:6      | Found a staircase to the Ecumenical Temple.
  4774 | D:6      | Reached **** piety under Trog
  5656 | D:7      | Reached XP level 9. HP: 83/83 MP: 9/9
  5687 | D:7      | Found a white marble altar of Elyvilon.
  5711 | D:7      | Found a runed translucent gate.
  5712 | D:7      | Found a runed translucent gate.
  5713 | D:7      | Found a runed translucent gate.
  5729 | D:7      | Reached skill level 5 in Dodging
  5738 | D:7      | Noticed SnakkuSnakku7's ghost (novice OgDe)
  5762 | D:7      | Killed SnakkuSnakku7's ghost
  5763 | D:7      | Reached skill level 10 in Polearms
  5943 | D:7      | Noticed a gargoyle
  5965 | D:7      | Killed a gargoyle
  6341 | D:7      | Found a glowing silver altar of Zin.
  6474 | D:8      | Found a sparkling altar of Nemelex Xobeh.
  6536 | D:8      | Noticed a two-headed ogre
  6545 | D:8      | Killed a two-headed ogre
  6546 | D:8      | Reached skill level 5 in Stealth
  6546 | D:8      | Reached XP level 10. HP: 93/93 MP: 10/10
  6798 | D:8      | Found a glowing golden altar of the Shining One.
  6799 | D:8      | Found a hide-covered altar of Uskayaw.
  6799 | D:8      | Found a blossoming altar of Fedhas.
  6805 | D:8      | Found an ancient bone altar of Kikubaaqudgha.
  6877 | D:8      | Noticed Maurice
  6890 | D:8      | Killed Maurice
  6891 | D:8      | Reached skill level 10 in Fighting
  6935 | D:8      | Reached skill level 11 in Polearms
  6960 | D:8      | Noticed a two-headed ogre
  6970 | D:8      | Killed a two-headed ogre
  7598 | D:9      | Noticed Pikel
  7618 | D:9      | Killed Pikel
  7843 | D:9      | Found a staircase to the Lair.
  7877 | D:9      | Noticed Psyche
  7887 | D:9      | Killed Psyche
  7887 | D:9      | Reached ***** piety under Trog
  7888 | D:9      | Reached XP level 11. HP: 101/101 MP: 11/11
  8418 | D:10     | Entered Level 10 of the Dungeon
  8573 | D:10     | Found a hazy altar of Hepliaklqana.
  8707 | D:10     | Found a shimmering blue altar of Sif Muna.
  8868 | D:10     | Noticed a two-headed ogre
  8889 | D:10     | Killed a two-headed ogre
  8958 | D:10     | Noticed Erolcha
  8972 | D:10     | Killed Erolcha
  8973 | D:10     | Reached skill level 12 in Polearms
  9397 | D:11     | Noticed a two-headed ogre
  9407 | D:11     | Killed a two-headed ogre
  9419 | D:11     | Noticed a skeletal warrior
  9421 | D:11     | Noticed a skeletal warrior
  9426 | D:11     | Noticed a skeletal warrior
  9427 | D:11     | Noticed a skeletal warrior
  9437 | D:11     | Noticed a two-headed ogre
  9870 | D:11     | Noticed a two-headed ogre
  9880 | D:11     | Killed a two-headed ogre
  9881 | D:11     | Reached skill level 1 in Throwing
  9940 | D:11     | Noticed a skeletal warrior
  9970 | D:11     | Slain by a skeletal warrior

Illustrated notes

Levels and vault maps discovered:
D:1:      heliophobic_arrival_enchanted_forest, layout_loops_cross,
          hellmonk_ecumenical_altar_blasted
D:2:      layout_rooms, uniq_jessica
D:3:      layout_loops_ring, trog_hazing_becter, mainiacjoe_overflow_alcove_1,
          serial_shops, shop, kennysheep_generic_room_16
D:4:      layout_gridville, ebering_ghost_reflecting_pool,
          minmay_parallelograms, serial_bayou_lagoon_a,
          eino_small_chamber_without_monster, corexii_item_surrounded_by_moat,
          uniq_robin
D:5:      layout_basic, chequers_mini_garden
D:6:      layout_loops_ring, temple_hall, amcnicky_mini_rare_corridor_liquid,
          serial_park_tiny_1, chequers_serial_rivers_small_b, kennysheep_nub,
          kennysheep_dice, uniq_eustachio
D:7:      layout_cave_pools, elyvilon_altar_1, zin_treasury,
          gammafunk_ghost_necromancy, corner_web_ring, st_stairs_10,
          dk_rats_in_the_wall
D:8:      layout_loops_cross, nemelex_diamond_rough_becter,
          chequers_temple_overflow_statue_of_worship, uniq_maurice
D:9:      layout_irregular_city, lair_entry_dummy, uniq_pikel, uniq_psyche
D:10:     layout_basic, mainiacjoe_overflow_alcove_2, lemuel_crystal_altar,
          kennysheep_minor_cross, hangedman_decor_lopped, uniq_erolcha
D:11:     layout_cave_pools, minmay_unpleasant_kobolds

Skill      XL: |  1  2  3  4  5  6  7  8  9 10 11 |
---------------+----------------------------------+-----
Dodging        | 3 4 5 6 7 |  7.4
Fighting       | 7 8 9 10 11 | 11.2
Polearms       | 7 8 9 10 11 12 | 12.4
Stealth        | 1 2 3 5 6 |  6.7
Throwing       | 1 |  1.0

Action                   |  1- 3 |  4- 6 |  7- 9 | 10-12 || total
-------------------------+-------+-------+-------+-------++-------
Melee: Spear             |    79 |    30 |   258 |   294 ||   661
       Tailslap          |    11 |    29 |    35 |    43 ||   118
       Trident           |       |   194 |       |       ||   194
Throw: Dart              |     1 |       |     1 |     8 ||    10
Invok: Berserk           |       |     4 |     4 |     4 ||    12
Evoke: Wand              |       |       |       |     1 ||     1
  Use: Scroll            |     3 |       |     1 |     4 ||     8
       Potion            |     1 |       |       |     1 ||     2
 Stab: Sleeping          |       |     4 |    10 |     4 ||    18
       Confused          |       |       |     1 |       ||     1
Armor: Skin              |    22 |    59 |    53 |    39 ||   173
Dodge: Dodged            |    52 |   134 |    81 |   103 ||   370
